 Dungeon Crawl Stone Soup version 0.31-a0-361-g0f8bd3a31e (webtiles) character file.

Game seed: 17350306093662025064

28 AdnanSaban the Covered (level 3, 0/23 HPs)
             Began as a Gargoyle Fighter on July 27, 2023.
             Killed by divine providence
             ... invoked by an orc priest
              (8 damage)
             ... on level 3 of the Dungeon.
             The game lasted 00:01:05 (1373 turns).

AdnanSaban the Covered (Gargoyle Fighter)           Turns: 1373, Time: 00:01:05

Health: 0/23       AC: 11    Str: 21    XL:     3   Next: 12%
Magic:  3/3        EV:  9    Int:  8    God:
Gold:   180        SH:  4    Dex:  9    Spells: 2/2 levels left

rFire   . . .        a - +0 flail
rCold   . . .        c - +0 buckler
rNeg    + . .        b - +0 scale mail
rPois   ∞            l - +0 helmet
rElec   +            (no cloak)
rCorr   .            (no gloves)
SInv    .            (no boots)
Will    .....        (no amulet) Stlth
                     (no ring)
HPRegen 0.23/turn    (no ring)
MPRegen 0.08/turn

%: no passive effects
@: no status effects
A: sickness immunity, AC +3, negative energy resistance 1, electricity
resistance, torment resistance 1, petrification resistance
a: no special abilities


You were on level 3 of the Dungeon.
You visited 1 branch of the dungeon, and saw 3 of its levels.

You collected 180 gold pieces.

Inventory:

Hand Weapons
 a - a +0 flail (weapon)
Missiles
 g - 5 atropa-tipped darts
Armour
 b - a +0 scale mail (worn)
 c - a +0 buckler (worn)
 l - a +0 helmet (worn)
Scrolls
 h - a scroll of torment {unknown}
 n - 2 scrolls of teleportation {unknown}
 o - a scroll of identify {unknown}
Potions
 d - 2 potions of might
 e - a potion of heal wounds {unknown}
 f - 3 potions of degeneration {unknown}
 i - a potion of haste {unknown}
 j - a potion of magic {unknown}
 k - 2 potions of mutation {unknown}
 m - 2 potions of attraction {unknown}


   Skills:
 + Level 3.6 Fighting
 + Level 2.3 Maces & Flails
 + Level 3.8 Armour
 + Level 3.5 Shields


You had 2 spell levels left.
You didn't know any spells.
Your spell library contained the following spells:

 Spells                   Type           Power      Damage    Failure   Level
 Blink                    Tloc           0%         N/A       91%         2
 Lesser Beckoning         Tloc           0%         N/A       91%         2
 Momentum Strike          Conj/Tloc      0%         3d8       91%         2


Dungeon Overview and Level Annotations

Branches:
Dungeon (3/15)

Altars:

Shops:
D:3 =


Innate Abilities, Weirdness & Mutations

You are immune to sickness and miasma.
Your stone body is resilient. (AC +3)
You are immune to poison.
You resist negative energy. (rN+)
You are resistant to electric shocks. (rElec)
You are resistant to unholy torment.
You are immune to petrification.


Message History

There is a stone staircase leading down here.
You climb downwards.
There is a stone staircase leading up here.
o - a scroll labelled SAES ZOASI
Found Nyfaig's One-of-a-Kind Rings.
m - 2 emerald potions (gained 1)
There is an entrance to Nyfaig's One-of-a-Kind Rings here.
Found a leather armour. 2 orcs and an orc priest come into view.
The orc priest is wielding a +0 club and wearing a +0 leather armour of cold resistance.
The orc shouts! x2; The orc priest shouts!
There are monsters nearby!
You hit the orc.
The orc is moderately wounded.
The orc priest calls down the wrath of Beogh upon you.
Beogh smites you! The orc hits you with a +0 flail!
* * * LOW HITPOINT WARNING * * *
You are too injured to fight recklessly!
You are too injured to fight recklessly!
You are too injured to fight recklessly!
You are too injured to fight recklessly!
You are too injured to fight recklessly!
You are too injured to fight recklessly!
You are too injured to fight recklessly!
You are too injured to fight recklessly!
You are too injured to fight recklessly!
You are too injured to fight recklessly!
You are too injured to fight recklessly!
You are too injured to fight recklessly!
You are too injured to fight recklessly!
You are too injured to fight recklessly!
You are too injured to fight recklessly!
You are too injured to fight recklessly!
You are too injured to fight recklessly!
You are too injured to fight recklessly!
The orc attacks as you move away! The orc barely misses you.
The orc attacks as you move away! The orc closely misses you.
The orc priest calls down the wrath of Beogh upon you.
Beogh smites you!
You die...

#.#.######.#
#.....o.o..#
#..o########
#...########
#[.o........
#.#.########
#.#o# ..#.#
#########@#
##...## #.#
#.....# #.#
#..∩..# #.#
##.....## #.#
#.#...#.# #.#
#..###..# #.#
##.....####.###
###.####.....#


You could see an orc priest and 2 orcs.

Vanquished Creatures
  2 endoplasms
  9 giant cockroaches
  4 goblins
  2 kobolds
  A ball python (D:2)
  3 bats
  2 frilled lizards
  A rat (D:2)
24 creatures vanquished.

Notes
Turn   | Place    | Note
-------+----------+-------------------------------------------
     0 | D:1      | AdnanSaban the Gargoyle Fighter began the quest for the
                  | Orb.
     0 | D:1      | Reached XP level 1. HP: 14/14 MP: 1/1
   174 | D:1      | Reached XP level 2. HP: 19/19 MP: 2/2
   921 | D:2      | Reached XP level 3. HP: 23/23 MP: 3/3
  1330 | D:3      | Found Nyfaig's One-of-a-Kind Rings.
  1373 | D:3      | Killed from afar by an orc priest

Illustrated notes

Levels and vault maps discovered:
D:1:      dpeg_arrival_prison, layout_basic
D:2:      wander_river, layout_rooms, solitary_fountain,
          minmay_worlds_worst_comb
D:3:      layout_loops_ring, nicolae_overflow_crystal_walls, serial_shops, shop,
          minmay_misc_feat_doors, nicolae_shop_unique_rings, uniq_grinder,
          uniq_ijyb, uniq_natasha

Action                     || total
---------------------------++-------
  Melee: Flail             ||    69
 Armour: Scale mail        ||    51
  Dodge: Dodged            ||    41
  Block: Buckler           ||    10

Table legend: (Time is in decaauts)
 A = Elapsed time spent in this place.
 B = Non-inter-level travel time spent in this place.
 C = Inter-level travel time spent in this place.
 D = Time resting spent in this place.
 E = Time spent auto-exploring this place.
 F = Levels seen in this place.
 G = Mean time per level.
                   A        B        C        D        E       F      G
               +--------+--------+--------+--------+--------+-----+--------+
         Total |   1411 |   1299 |    112 |      0 |   1096 |   3 |  470.3 |
       Dungeon |   1411 |   1299 |    112 |      0 |   1096 |   3 |  470.3 |
               +--------+--------+--------+--------+--------+-----+--------+

Top non-repeatable levels by time:
     D:1: 786 daAuts
     D:2: 545 daAuts
     D:3: 80 daAuts
